[Event "*** Titled Tuesday Blitz"]
[Site "Chess.com"]
[Date "2020.05.12"]
[Round "7"]
[White "mamonika"]
[Black "FMOlexandrProhorov"]
[Result "1-0"]
[WhiteElo "2013"]
[BlackElo "2108"]
[TimeControl "180+1"]
[EndTime "11:17:47 PDT"]
[Termination "mamonika won by checkmate"]

1. b4 c6 2. e3 a5 3. b5 Nf6 4.
Nf3 g6 5. c4 Bg7 6. Bb2 O-O 7.
Be2 d5 8. Nc3 Bf5 9. O-O Nbd7 10. Nd4 e5 11. Nxf5 gxf5 12. Qc2 e4 13. d3 Re8 14. Rfd1 Qe7 15. dxe4 dxe4 16. Rd2 Ne5 17.
Rad1 Qe6 18. Qa4 Nfg4 19. h3 Nh6 20. Rd6 Qe7 21. c5 Qg5 22. Nxe4 fxe4 23. Qxe4 Nd7 24. Qc2 Bxb2 25. Rxd7 Be5 26. f4 Qg3 27. fxe5 Qxe3+ 28. Kh1 Qxe5 29. Bd3 f5 30. Qf2 Re7 31. Rxe7 Qxe7 32.
Bc4+ Kh8 33. Qd4+ Qg7 34. Qxg7+ Kxg7 35. Rd7+ Kg6 36. Rxb7 cxb5 37. Bxb5 Nf7 38. c6 Nd6 39. Rb6 Nxb5 40. Rxb5 Kg5 41. Kg1 Rc8 42. Rc5 Rc7 43. Kf2 h5 44. Kf3 h4 45. a4 Kf6 46. Kf4 Ke6 47. Kg5 Kd6 48. Rxf5 Rg7+ 49. Kxh4 Kxc6 50. g4 Rh7+ 51. Kg3 Re7 52. Rxa5 Kd6 53. Rf5 Re3+ 54. Rf3 Ra3 55. Rxa3 Ke5 56. Rb3 Kd4 57. a5 Kc5 58.
a6 Kc4 59. a7 Kxb3 60. a8=Q Kc3 61. Qd5 Kb4 62. Kf3 Kc3 63. Ke3 Kc2 64. Qd2+ Kb3 65. Qc1 Kb4 66. Kd4 Kb5 67. Qc5+ Ka4 68. Qb6 Ka3 69. Kc3 Ka2 70. Qb2# 1-0

[Event "*** Titled Tuesday Blitz"]
[Site "Chess.com"]
[Date "2020.05.12"]
[Round "7"]
[White "Funkmaus"]
[Black "Isajevsky_Anton"]
[Result "0-1"]
[WhiteElo "2216"]
[BlackElo "2392"]
[TimeControl "180+1"]
[EndTime "11:17:48 PDT"]
[Termination "Isajevsky_Anton won by checkmate"]

1. d4 f5 2. Bg5 g6 3. h4 Bg7 4. Nf3 d6 5. e3 h6 6. Bf4 Nf6 7. c3 Nc6 8. Nbd2 Nh5 9. Bh2 e5 10. dxe5 dxe5 11. Nc4 Qe7 12. Be2 O-O 13. Qc2 b5 14.
Ncd2 Rb8 15. a4 b4 16. Bc4+ Kh8 17. O-O Nf6 18. Bb5 Bb7 19. Bxc6 Bxc6 20. Nxe5 Be8 21. Ndf3 Ng4 22. Bg3 Nxe5 23. Bxe5 Bxe5 24. Nxe5 Qxe5 25. Rad1 c5 26. Rd2 Bc6 27. Rfd1 Qe4 28. Qxe4 Bxe4 29.
Rd7 a5 30. R1d6 Rg8 31. h5 f4 32. exf4 c4 33. f3 Bf5 34. Re7 Rbd8 35. Ra6 Rde8 36. Rc7 Rc8 37. Re7 bxc3 38. bxc3 Rce8 39. Rc7 Rc8 40.
Re7 Rg7 41. Re5 Bd3 42. Kh2 Kh7 43. hxg6+ Bxg6 44. Rexa5 Bd3 45. Ra7 Rg8 46. R7a6 Rxg2+ 47. Kh3 R2g3+ 48. Kh4 Rxf3 49. Ra7+ Kh8 50. Rh5 Rxf4+ 51. Kh3 Rf6 52. a5 Bf1+ 53. Kh2 Rg2+ 54. Kh1 Ra2 55. Ra8+ Kg7 56. Ra7+ Kg6 57. Rh4 Bg2+ 58. Kh2 h5 59. Rd4 Bf3+ 60. Kg3 Bg4 61. Rd8 Rf3+ 62. Kh4 Rh2# 0-1

[Event "*** Titled Tuesday Blitz"]
[Site "Chess.com"]
[Date "2020.05.12"]
[Round "7"]
[White "bazar-wokzal"]
[Black "ameetghasi100"]
[Result "0-1"]
[WhiteElo "2551"]
[BlackElo "2726"]
[TimeControl "180+1"]
[EndTime "11:17:49 PDT"]
[Termination "ameetghasi100 won by resignation"]

1. e4 c5 2. c3 Nf6 3. e5 Nd5 4. Bc4 e6 5. d4 Nc6 6. f4 d6 7. Nf3 Be7 8. O-O O-O 9. Qe2 a6 10. Qe4 g6 11. Nbd2 Nxc3 12. bxc3 d5 13. Qe3 dxc4 14.
Nxc4 b5 15. Ncd2 cxd4 16. cxd4 Nb4 17. Rb1 Nxa2 18. Ng5 Bb7 19. Nde4 h6 20. Nf3 Rc8 21.
Bb2 Bd5 22. Rf2 b4 23. g4 Qd7 24. Nf6+ Bxf6 25. exf6 Qd8 26. g5 h5 27. Ne5 Ba8 28. Nxg6 fxg6 29. Qxe6+ Rf7 30. Qxa2 Qd5 31. Qxd5 Bxd5 32.
Ra1 Re8 33. f5 Kh7 34. Kf1 Bc4+ 35. Kg2 gxf5 36. Rxf5 Kg6 37. Re5 Rxe5 38. dxe5 Kxg5 39.
Kf3 Bd5+ 40. Ke3 Rb7 41. Kd4 Be6 42. Rxa6 Kf5 43. Kc5 b3 44. Kd6 Rd7+ 45. Kc6 Rd2 46. Bc3 Rc2 47. Kd6 Rxc3 48. f7 Bxf7 49. Ke7 Bd5 50.
Rb6 Kxe5 51. h4 Kd4 52. Rb4+ Bc4 53. Kf6 Rg3 54. Rb6 Rg4 55. Kf5 Rxh4 56. Kg5 Rh1 57. Rd6+ Kc3 58. Rd1 Rxd1 0-1

[Event "*** Titled Tuesday Blitz"]
[Site "Chess.com"]
[Date "2020.05.12"]
[Round "7"]
[White "GelmanAlexander"]
[Black "VerdeNotte"]
[Result "0-1"]
[WhiteElo "2580"]
[BlackElo "2885"]
[TimeControl "180+1"]
[EndTime "11:17:50 PDT"]
[Termination "VerdeNotte won on time"]

1. c4 g6 2. Nf3 Bg7 3. e3 c5 4. Be2 Nf6 5. d3 Nc6 6. O-O d5 7. cxd5 Nxd5 8. a3 O-O 9. Nbd2 b6 10. Qc2 Bb7 11. Ne4 Qd7 12. Bd2 Rfd8 13. Rac1 Rac8 14. Qb1 Ba6 15. Rfd1 Nf6 16. Nxf6+ Bxf6 17. Bc3 Bxc3 18. Rxc3 Qd6 19. h3 e5 20. Bf1 e4 21. Ng5 exd3 22. Bxd3 Bxd3 23. Rcxd3 Qe7 24. Rxd8+ Rxd8 25. Rxd8+ Qxd8 26. Ne4 Ne5 27. Qc1 Qd3 28. Nf6+ Kg7 29.
Ne8+ Kf8 30. Nf6 Ke7 31. Ng8+ Ke6 32. e4 Qxe4 33. Qg5 Qe1+ 34. Kh2 Nf3+ 35. gxf3 Qxf2+ 36. Kh1 Qxf3+ 37. Kh2 Qf2+ 38. Kh1 Qf3+ 39. Kh2 f6 40. Qd2 h5 41. Qd8 Qf2+ 42. Kh1 Qe1+ 43. Kh2 Qe5+ 44. Kh1 Qxb2 45. Qe7+ Kf5 46. Nh6+ Kf4 47. Qd6+ Qe5 48. Qd2+ Qe3 49. Qd6+ Ke4 50. Nf7 Qxh3+ 51. Kg1 Qg4+ 52. Kh1 Qf3+ 53. Kg1 Qe3+ 54. Kh1 Qf3+ 55.
Kg1 Qg4+ 56. Kh1 Qh4+ 57. Kg1 Ke3 58. Qe6+ Kd3 59. Nd6 Qd4+ 60. Kh1 c4 61. Nb5 Qe4+ 62. Qxe4+ Kxe4 63. Nxa7 c3 0-1

[Event "*** Titled Tuesday Blitz"]
[Site "Chess.com"]
[Date "2020.05.12"]
[Round "7"]
[White "GukeshDommaraju"]
[Black "Skatchkov_V"]
[Result "1-0"]
[WhiteElo "2738"]
[BlackElo "2552"]
[TimeControl "180+1"]
[EndTime "11:17:50 PDT"]
[Termination "GukeshDommaraju won by resignation"]

1. e4 e5 2. Nf3 Nf6 3. d3 Nc6 4. g3 d5 5. exd5 Nxd5 6. Bg2 Be7 7. O-O O-O 8. Re1 Qd6 9. Nbd2 f6 10. Nc4 Qd8 11. d4 Nb6 12. Nxb6 axb6 13. dxe5 fxe5 14. Qe2 Bd6 15. c3 Kh8 16. Ng5 Bf5 17. Ne4 Qe7 18. Be3 Qf7 19. b3 Be7 20. Rad1 Qg6 21. f3 Ra3 22.
Rd2 Rfa8 23. Red1 h6 24. Kh1 Kh7 25. Nf2 Bd6 26. Rb2 Ne7 27. Ne4 Nc8 28. Bc1 Be7 29. Rbd2 R3a6 30. a4 Nd6 31. Nf2 Qf7 32. Qxe5 Bf6 33. Qd5 Be6 34. Qd3+ Bf5 35. Ne4 Qxb3 36.
Nxf6+ gxf6 37. Qe3 Re8 38. Qf4 Rxa4 39. Rd4 Rxd4 40. Qxd4 Qc4 41. Qxf6 Qe6 42. Qd4 Qe1+ 43. Bf1 Qe7 44. Kg2 Qe6 45. Qf4 Bh3+ 46. Kg1 Bxf1 47.
Rxf1 Nf7 48. Bd2 Qd7 49. Rf2 Nd6 50. Kg2 Re7 51. Qxh6+ Kg8 52. Bg5 Rg7 53. Bf6 Rh7 54. Qg6+ Kf8 55. Re2 Rf7 56. Qh6+ 1-0

[Event "*** Titled Tuesday Blitz"]
[Site "Chess.com"]
[Date "2020.05.12"]
[Round "7"]
[White "Matalon"]
[Black "Zq1"]
[Result "0-1"]
[WhiteElo "2344"]
[BlackElo "2537"]
[TimeControl "180+1"]
[EndTime "11:17:50 PDT"]
[Termination "Zq1 won by checkmate"]

1. e4 c5 2. Nf3 d6 3. d4 cxd4 4.
Nxd4 Nf6 5. Nc3 Nc6 6. Bg5 g6 7. Bxf6 exf6 8. Bb5 Bd7 9. O-O Bg7 10. Nxc6 bxc6 11.
Ba4 Qc7 12. Qd3 Rd8 13. Rad1 Bg4 14. f3 Be6 15. Qa6 Bd7 16. Qc4 Qb6+ 17. Qd4 Ke7 18. Rfe1 Qxd4+ 19. Rxd4 Rb8 20. b3 Rhd8 21. Rd3 Be8 22. Ne2 h5 23. Nd4 Rb6 24. c4 a5 25.
Red1 Rc8 26. Ne2 c5 27. Bxe8 Rxe8 28. Nc3 Rc6 29. Nb5 Rd8 30. Rd5 Bf8 31. Kf2 Ke6 32.
a4 Rd7 33. f4 f5 34. exf5+ gxf5 35. Kf3 h4 36. Re1+ Kf6 37. Re8 Bg7 38. Rd3 Rb6 39.
Nc3 Kg6 40. Nd5 Rbb7 41. g3 h3 42. g4 fxg4+ 43. Kxg4 f5+ 44. Kxh3 Kf7 45. Re2 Bd4 46. Kg3 Rd8 47. Rd1 Rg8+ 48. Kf3 Rh8 49. Rde1 Rd7 50. Re7+ Rxe7 51. Rxe7+ Kg6 52. Kg3 Kh6 53. Re6+ Kg7 54. Rxd6 Re8 55. Rd7+ Kg6 56. Rd6+ Kf7 57. Rd7+ Kg6 58.
Ra7 Re2 59. Rxa5 Rd2 60. Ra6+ Kh5 61. a5 Rd3+ 62. Kg2 Rd2+ 63. Kf1 Rxh2 64. Ra8 Kg4 65. a6 Kf3 66. Ke1 Ke4 67. Rd8 Kd3 68. Ne7 Rh1# 0-1

[Event "*** Titled Tuesday Blitz"]
[Site "Chess.com"]
[Date "2020.05.12"]
[Round "7"]
[White "Olga_Girya"]
[Black "Sethu0025"]
[Result "1/2-1/2"]
[WhiteElo "2438"]
[BlackElo "2723"]
[TimeControl "180+1"]
[EndTime "11:17:52 PDT"]
[Termination "Game drawn by repetition"]

1. d4 d6 2. e4 g6 3. Nc3 Bg7 4. Be3 a6 5. Nf3 Nf6 6. h3 b5 7. Bd3 Bb7 8. e5 dxe5 9. dxe5 Nd5 10. Nxd5 Qxd5 11. Qe2 Nd7 12. c4 Qe6 13. cxb5 Bxf3 14. Qxf3 O-O 15. O-O Nxe5 16. Qe2 Nxd3 17. Qxd3 Bxb2 18.
Rab1 Be5 19. bxa6 Qxa6 20. Qe4 Bf6 21. Bh6 Rfe8 22. Rbc1 Rac8 23. Rc2 c5 24. Rfc1 Bd4 25. Be3 e5 26. Qd5 Rcd8 27. Qc4 Qf6 28. Re2 e4 29. Rce1 Qf5 30. Qc2 Re6 31. Kh1 h5 32. Kg1 Kh7 33.
Rd1 Rd5 34. Red2 Red6 35. Qc4 Qe5 36. Qe2 Qe6 37. Qe1 Bxe3 38. Qxe3 Rxd2 39. Rxd2 Rxd2 40. Qxd2 Qc4 41. Qe3 Qxa2 42. Qxe4 Qa1+ 43. Kh2 Qd4 44. Qe7 Kg7 45. f3 c4 46. Qc7 c3 47. Qc6 Qe5+ 48.
Kh1 Qe1+ 49. Kh2 h4 50. Qc4 Qe5+ 51. Kh1 g5 52. Qc6 f6 53. Qd7+ Kh6 54. Qc6 Qe1+ 55.
Kh2 Qe5+ 56. Kh1 Kg6 57. Qc8 Qe1+ 58. Kh2 Qe5+ 59. Kh1 Kg7 60. Qd7+ Kg6 61. Qc8 1/2-1/2

[Event "*** Titled Tuesday Blitz"]
[Site "Chess.com"]
[Date "2020.05.12"]
[Round "7"]
[White "PauloCesarCosta_sad"]
[Black "NastaJ"]
[Result "1-0"]
[WhiteElo "2190"]
[BlackElo "1971"]
[TimeControl "180+1"]
[EndTime "11:17:52 PDT"]
[Termination "PauloCesarCosta_sad won on time"]

1. Nf3 Nf6 2. c4 c5 3. Nc3 d5 4. cxd5 Nxd5 5. g3 Nc6 6. Bg2 Nc7 7. O-O e5 8. d3 f6 9. Be3 Be6 10. Rc1 Qd7 11. Ne4 b6 12. Qa4 Nd5 13. Nc3 Rc8 14. Nxd5 Bxd5 15. Nh4 Bxg2 16. Nxg2 Nd4 17. Qxd7+ Kxd7 18. Rfe1 Bd6 19. Bd2 Rhe8 20. Ne3 e4 21. dxe4 Rxe4 22.
Rcd1 Ke8 23. Bc3 Kf8 24. Rd3 Rce8 25. Kg2 Bc7 26. Nd5 Bb8 27. e3 Nc6 28. Red1 c4 29. R3d2 b5 30. Bxf6 gxf6 31. Nxf6 Kf7 32. Nxe8 Rxe8 33.
Rd7+ Re7 34. Rxe7+ Kxe7 35. a3 Be5 36. Rd2 a5 37. f4 Bg7 38. Kf3 b4 39. axb4 axb4 40. Rc2 Na5 41. e4 Kf7 42. e5 Ke6 43. Ke4 Bf8 44. f5+ Kf7 45. Kd5 b3 46. Rxc4 Nxc4 47.
Kxc4 Bh6 48. Kxb3 Be3 49. Kc4 Bg1 50. h3 Bh2 51. e6+ Kf6 52. g4 Bd6 53. Kd5 Bb4 54.
Kc4 Be7 55. b4 Ke5 56. b5 Kd6 57. Kb4 1-0

[Event "*** Titled Tuesday Blitz"]
[Site "Chess.com"]
[Date "2020.05.12"]
[Round "7"]
[White "Chessmasterzt"]
[Black "Ceejay271"]
[Result "1/2-1/2"]
[WhiteElo "2559"]
[BlackElo "2379"]
[TimeControl "180+1"]
[EndTime "11:17:53 PDT"]
[Termination "Game drawn by agreement"]

1. Nf3 d5 2. c4 e6 3. g3 Nf6 4.
Bg2 dxc4 5. Qc2 c5 6. Na3 Nc6 7. Nxc4 Be7 8. b3 O-O 9. Bb2 Nd5 10. O-O b5 11. Nce5 Nxe5 12. Nxe5 Bb7 13. a3 Rc8 14.
Rac1 Bf6 15. Nd3 c4 16. bxc4 Rxc4 17. Qb3 Bxb2 18. Qxb2 Qb6 19. Ne5 Rxc1 20. Rxc1 Rd8 21. Qc2 f6 22. Nc6 Rd7 23. Nb4 Nxb4 24. axb4 Bxg2 25.
Kxg2 Qb7+ 26. Kg1 Qd5 27. d3 h5 28. h4 e5 29. Qc5 Qxc5 30. Rxc5 a6 31. Rc6 Rd4 32.
Rxa6 Rxb4 33. Kg2 Rb2 34. Kf3 b4 35. Ra7 b3 36. Rb7 Kh7 37. Ke3 Kg6 38. f4 exf4+ 39. gxf4 Rb1 40. Ke4 b2 41. e3 Kh6 42. Rb6 g6 43. f5 gxf5+ 44. Kd4 Kg6 45. Rb5 Rh1 46. Rxb2 Rxh4+ 47. Kd5 Rh3 48. Rg2+ Kf7 49. Kd4 h4 50. Rf2 Ke6 51. e4 fxe4 52. Kxe4 Rg3 53. Rh2 h3 54. d4 f5+ 55. Kf4 Rd3 56. d5+ Rxd5 57. Rxh3 Rd4+ 58. Ke3 Re4+ 59. Kf3 Ke5 60. Rh8 Ra4 61.
Re8+ Kf6 62. Rf8+ Ke6 63. Re8+ Kf7 64. Rb8 Ra5 65. Kf4 Kf6 66. Rb6+ Kf7 1/2-1/2

[Event "*** Titled Tuesday Blitz"]
[Site "Chess.com"]
[Date "2020.05.12"]
[Round "7"]
[White "sergeikim"]
[Black "AnthonyWirig"]
[Result "1-0"]
[WhiteElo "2439"]
[BlackElo "2573"]
[TimeControl "180+1"]
[EndTime "11:17:54 PDT"]
[Termination "sergeikim won on time"]

1. d4 Nf6 2. c4 c5 3. d5 b5 4.
cxb5 a6 5. b6 Qxb6 6. Nc3 d6 7. e4 g6 8. Nf3 Bg7 9. Be2 O-O 10. O-O Bd7 11. a4 Bg4 12. Nd2 Bxe2 13.
Qxe2 Nbd7 14. Nc4 Qb3 15. Ra3 Qb7 16. Nd1 Rfe8 17. Rh3 Nb6 18. Bh6 Nxc4 19. Bxg7 Kxg7 20. Qxc4 Reb8 21. Qc1 h5 22. Re1 Qb4 23. Ne3 Qxe4 24. Rf3 Qd4 25. Rg3 Kh7 26. Nc4 Qxd5 27. Rxe7 Re8 28. Nb6 Qa2 29. Ra3 Qxa3 30. bxa3 Rxe7 31. Nxa8 Ne4 32. f3 Nf6 33. Nb6 Re5 34. Qd2 d5 35.
f4 Re4 36. Nxd5 Ng4 37. h3 Rd4 38. Qe1 Rxd5 39. hxg4 hxg4 40. Qh4+ Kg7 41. Qxg4 Rd4 42. Qg5 Rxa4 43. Qxc5 Kg8 44. Qd6 Kh7 45. Kh2 Kg8 46. Kg3 a5 47. Kg4 Re4 48. Kg5 Re8 49.
Qd7 Rb8 50. g4 Ra8 51. f5 gxf5 52. gxf5 a4 53. f6 Rb8 54. Kh6 Ra8 55. Qd5 Rd8 56.
Qg5+ Kf8 57. Qg7+ Ke8 58. Qg8+ Kd7 59. Qxf7+ Kc6 60. Qe7 Rd6 61. Kh7 Kb5 62. f7 1-0

[Event "*** Titled Tuesday Blitz"]
[Site "Chess.com"]
[Date "2020.05.12"]
[Round "7"]
[White "ErikRonka"]
[Black "aquiles88"]
[Result "0-1"]
[WhiteElo "2395"]
[BlackElo "2242"]
[TimeControl "180+1"]
[EndTime "11:17:54 PDT"]
[Termination "aquiles88 won by resignation"]

1. b4 e5 2. Bb2 Bxb4 3. Bxe5 Nf6 4. e3 Nc6 5. Bb2 d5 6. Nf3 O-O 7. Be2 Re8 8. O-O Bg4 9. d3 Bd6 10. Nbd2 Ne5 11. Nxe5 Bxe2 12. Qxe2 Bxe5 13. Bxe5 Rxe5 14. d4 Re6 15. c4 dxc4 16. Qxc4 Rc6 17. Qb3 Rb6 18.
Qc2 Qe7 19. Rac1 Rc6 20. Qb3 Rxc1 21. Rxc1 c6 22. Rb1 Rb8 23. Nc4 Nd5 24. Ne5 Nb6 25. a4 Qc7 26. a5 Nd5 27. Nc4 h6 28. h3 Nf6 29. Qa3 Rd8 30. Qb4 Rd7 31. Ne5 Re7 32.
Qc5 a6 33. Nc4 Ne4 34. Qa3 Rd7 35. Ne5 Re7 36. f3 Nf6 37. Nc4 Rd7 38. Qc5 Rd5 39.
Qa7 Rb5 40. Rc1 Qe7 41. Qa8+ Kh7 42. Qb8 Nd5 43. e4 Nf6 44. Qd6 Qe8 45. Qf4 Qd7 46. Ne5 Qxd4+ 47. Kh2 Qxe5 48. Qxe5 Rxe5 49. Kg3 Rxa5 50. Rb1 Rb5 51. Rc1 a5 52. Kf4 a4 53.
g4 a3 54. h4 a2 55. Ra1 Ra5 56. g5 hxg5+ 57. hxg5 Nd7 58. Kg4 b5 59. f4 b4 0-1

[Event "*** Titled Tuesday Blitz"]
[Site "Chess.com"]
[Date "2020.05.12"]
[Round "7"]
[White "Kirill_Klukin"]
[Black "FedaMaster"]
[Result "0-1"]
[WhiteElo "2687"]
[BlackElo "2552"]
[TimeControl "180+1"]
[EndTime "11:17:55 PDT"]
[Termination "FedaMaster won by resignation"]

1. d4 Nf6 2. Nf3 g6 3. e3 Bg7 4. Be2 O-O 5. O-O d6 6. c4 c5 7. b3 cxd4 8. Nxd4 Nc6 9. Bb2 Bd7 10. Nc3 Qa5 11. Nc2 Rfc8 12. Rb1 Nb4 13. Nxb4 Qxb4 14.
a3 Qa5 15. b4 Qd8 16. Rc1 Rab8 17. Qd2 a6 18. Rfd1 Qe8 19. h3 Be6 20. Nd5 Bxd5 21. cxd5 Ne4 22. Qd3 Nxf2 23. Kxf2 Bxb2 24. Rc2 Rxc2 25.
Qxc2 Bf6 26. Rc1 Qf8 27. Qc7 b5 28. Rc6 h5 29. Rxa6 Rc8 30. Qb7 Kh7 31. Rc6 Rb8 32. Qd7 Ra8 33. Rc2 Qg7 34. Qxb5 Bh4+ 35. g3 Qf6+ 36. Bf3 Bg5 37. a4 h4 38. gxh4 Bxh4+ 39.
Ke2 Qe5 40. Qc4 Bg5 41. Qe4 Qh2+ 42. Kd3 Qxh3 43. a5 Rb8 44. a6 Qd7 45. Qc4 Qa4 46. Ra2 Qd7 47. Be4 Qh3 48. Qc2 Qxe3+ 49. Kc4 Rc8+ 50.
Kb5 Rxc2 51. Bxc2 Qe2+ 52. Kb6 Be3+ 53. Kc7 Qb5 54. a7 Qc4+ 55. Kb7 Qb5+ 56. Kc8 Bxa7 57. Rxa7 Qxd5 58. Rc7 Qe6+ 59. Kb7 Qd5+ 60. Kb6 Qd4+ 61. Kb5 Qf2 62. Bb3 Qe2+ 63. Bc4 Qe3 64. Bxf7 Qf4 65. Bc4 Qe5+ 66. Kb6 d5 67. Bd3 Qd4+ 68. Kb7 Qxd3 69. Rxe7+ Kh6 70. Kc6 Qc4+ 71. Kd6 Qxb4+ 0-1

[Event "*** Titled Tuesday Blitz"]
[Site "Chess.com"]
[Date "2020.05.12"]
[Round "7"]
[White "gvanna"]
[Black "Xeniya2005"]
[Result "0-1"]
[WhiteElo "2464"]
[BlackElo "2289"]
[TimeControl "180+1"]
[EndTime "11:17:56 PDT"]
[Termination "Xeniya2005 won on time"]

1. e4 e6 2. d4 d5 3. Nd2 c5 4. Ngf3 Nc6 5. Bb5 cxd4 6. Nxd4 Bd7 7. Nxc6 bxc6 8. Bd3 Bc5 9. O-O Ne7 10. c4 O-O 11. Qc2 dxc4 12. Nxc4 h6 13. Bf4 Ng6 14. Bg3 Qg5 15. Kh1 e5 16. Rad1 Bd4 17. Be2 Be6 18. b3 h5 19. h3 h4 20. Bh2 Rad8 21. Qc1 Nf4 22. Bf3 c5 23. Ne3 Qf6 24. Ng4 Bxg4 25. Bxg4 Ne6 26. Rd3 Qe7 27. Rf3 Ng5 28. Rf5 Nxe4 29.
Qe1 Nd6 30. Rh5 f5 31. Bf3 g6 32. Bd5+ Kg7 33. f4 e4 34. Rg5 Ne8 35. Bc4 Bf6 36. Qxh4 Bxg5 37. fxg5 Rh8 38. Qf4 Kf8 39. Re1 Nd6 40. Bd5 Nf7 41. Bxf7 Kxf7 42. Qe3 Rhe8 43. Bf4 Kg8 44. Qc3 Rd3 45. Qc4+ Kh7 46. Rc1 Rc8 47. Qb5 Rd5 48. Qc4 Qd7 49. Kh2 Rd4 50. Qa6 Rc6 51. Qa5 Qd5 52. Qb5 e3 53. Qb7+ Kg8 54. Bxe3 Qe5+ 55.
Kh1 Qxe3 56. Qa8+ Kf7 57. Qb7+ Kf8 58. Qa8+ Ke7 59. Qb7+ Kd6 0-1

[Event "*** Titled Tuesday Blitz"]
[Site "Chess.com"]
[Date "2020.05.12"]
[Round "7"]
[White "plumalka"]
[Black "attack2mateU"]
[Result "0-1"]
[WhiteElo "2455"]
[BlackElo "2630"]
[TimeControl "180+1"]
[EndTime "11:17:57 PDT"]
[Termination "attack2mateU won by resignation"]

1. e4 c5 2. Nf3 d6 3. d4 cxd4 4. Qxd4 Nc6 5. Bb5 Bd7 6. Bxc6 Bxc6 7. Nc3 Nf6 8. Bg5 Nd7 9. O-O-O Qc8 10. Kb1 b5 11.
Rhe1 f6 12. Bh4 e5 13. Qd2 Nb6 14. Qd3 a6 15. Nd2 b4 16. Nd5 Nxd5 17. exd5 Bb5 18.
Qg3 Kf7 19. f4 Qf5 20. fxe5 dxe5 21. d6 g5 22. Qb3+ Qe6 23. Qf3 Bh6 24. Bg3 g4 25.
Qb7+ Kg6 26. Qe4+ Qf5 27. Qxb4 Bxd2 28. Qxd2 Bd7 29. Rf1 Qe6 30. Qd3+ Kg7 31. h3 Bb5 32. Qe4 Bxf1 33. Rxf1 Rad8 34. Bh4 Rhf8 35. hxg4 Rxd6 36. Rh1 Kg8 37. Bf2 Qd7 38. Kc1 Rd8 39. b3 Rd1+ 40. Rxd1 Qxd1+ 41. Kb2 Qd5 42. Qf5 Kg7 43. g5 fxg5 44.
Qxg5+ Kf7 45. Bh4 Qd4+ 46. Ka3 Qc5+ 47. Kb2 Qd4+ 48. Ka3 Qd6+ 49. Kb2 Rd7 50. Qf5+ Kg7 51. Bf6+ Kg8 52. Qg5+ Kf7 53. Qg7+ Ke6 54. Qg5 Qd4+ 55. Ka3 Qc5+ 56. Kb2 Rc7 57. Qg4+ Kxf6 58. Qf3+ Ke6 59. Qg4+ Kd5 60. Qf3+ Kd6 61. Qf6+ Kd7 62. Qf7+ Kc8 63. Qf5+ Kb7 64. Qf3+ Ka7 65. c4 Qd4+ 66. Ka3 e4 67. Qf4 Qc5+ 68. Kb2 Re7 69. a3 e3 70. b4 Qe5+ 71.
Qxe5 Rxe5 0-1

[Event "*** Titled Tuesday Blitz"]
[Site "Chess.com"]
[Date "2020.05.12"]
[Round "7"]
[White "SmirnovAlexandrA"]
[Black "Trankuilizer"]
[Result "0-1"]
[WhiteElo "2364"]
[BlackElo "2557"]
[TimeControl "180+1"]
[EndTime "11:18:01 PDT"]
[Termination "Trankuilizer won on time"]

1. e4 e5 2. Nf3 Nc6 3. Bb5 a6 4. Ba4 Nf6 5. O-O Be7 6. Re1 b5 7. Bb3 d6 8. c3 O-O 9. h3 Nb8 10. d4 Nbd7 11. Nbd2 Bb7 12. a4 c5 13. d5 c4 14. Bc2 Nc5 15. Nf1 Ne8 16. Ng3 g6 17. Bh6 Ng7 18. axb5 axb5 19. Qd2 Qc7 20. Ng5 Rxa1 21. Rxa1 Ra8 22. Rxa8+ Bxa8 23. h4 Bb7 24. h5 Bc8 25. hxg6 hxg6 26. Nh3 Qa7 27. Qc1 Bg4 28. Be3 Qd7 29. Kh2 Qa7 30. f3 Bd7 31. Nf2 Qa2 32.
Qb1 Qxb1 33. Bxb1 Na4 34. Bc1 Bh4 35. Nd1 Kf8 36. Be3 Ke7 37. Nf1 f5 38. g3 Bf6 39. Bc2 Nc5 40. Bxc5 dxc5 41. Kg2 Ne8 42. Nfe3 Nd6 43. Nf2 Bg5 44. Nfd1 Bh6 45. Kf2 Kf6 46.
Ke2 b4 47. b3 cxb3 48. Bxb3 Bb5+ 49. c4 Bd7 50. Bc2 f4 51. gxf4 exf4 52. Nf1 Ke5 53. Kd3 g5 54. Nh2 Nf7 55. Nf2 Kd6 56. Nhg4 Bg7 57. Nh3 Bd4 58. Nhf2 Bc3 59. Bb3 Bg7 60. Bc2 Bd4 61. Bb3 Ne5+ 62. Nxe5 Kxe5 63. Ng4+ Bxg4 64.
fxg4 f3 65. Bd1 f2 66. Be2 b3 67.
Bf1 b2 68. Kc2 Kxe4 0-1

[Event "*** Titled Tuesday Blitz"]
[Site "Chess.com"]
[Date "2020.05.12"]
[Round "7"]
[White "kinga2008"]
[Black "noblerone"]
[Result "0-1"]
[WhiteElo "2219"]
[BlackElo "2421"]
[TimeControl "180+1"]
[EndTime "11:18:01 PDT"]
[Termination "noblerone won by checkmate"]

1. e4 c5 2. Nf3 e6 3. c3 d5 4. Bd3 dxe4 5. Bxe4 Nf6 6. Bc2 Nc6 7. d4 cxd4 8. cxd4 Be7 9. Nc3 O-O 10. Bg5 Nb4 11. Bb1 b6 12. h4 Ba6 13. Bxf6 Bxf6 14. a3 Nd5 15. Ng5 h6 16. Nh7 Re8 17. Qg4 Rc8 18.
Qe4 Nxc3 19. bxc3 Rxc3 20. Nxf6+ Qxf6 21. Kd2 Rec8 22. f3 R3c4 23. Ke3 Rc3+ 24. Kf2 Kf8 25.
Kg3 R3c4 26. Rd1 R4c7 27. Ba2 Bb7 28. Qe5 Qxe5+ 29. dxe5 Ke7 30. Rd2 Rc2 31. Rad1 Rxd2 32. Rxd2 Rc7 33. Kf4 b5 34. Rb2 a6 35. Bb3 Bc6 36.
Ra2 Bd7 37. g4 Rc3 38. Bd1 Rc4+ 39. Kg3 a5 40. Be2 Rc5 41. Rb2 Rxe5 42. Kf4 Rc5 43. Ke4 f6 44. Kd4 Kd6 45. Ke4 e5 46. Rd2+ Ke7 47.
Rb2 Bc6+ 48. Ke3 Rc3+ 49. Kf2 Rxa3 50. Bxb5 Bxb5 51. Rxb5 a4 52. Rb7+ Kf8 53. Ra7 Ra2+ 54.
Ke3 Kg8 55. Ke4 Kh7 56. Kf5 a3 57. g5 hxg5 58. hxg5 fxg5 59. Kxe5 Ra1 60. Kf5 a2 61. Ra3 g4 62. Kf4 gxf3 63. Rxf3 Rh1 64. Rb3 a1=Q 65. Rb7 Rh4+ 66. Kg5 Qf6# 0-1

[Event "*** Titled Tuesday Blitz"]
[Site "Chess.com"]
[Date "2020.05.12"]
[Round "7"]
[White "Azerichess"]
[Black "GMSrinath"]
[Result "1-0"]
[WhiteElo "3048"]
[BlackElo "2826"]
[TimeControl "180+1"]
[EndTime "11:18:02 PDT"]
[Termination "Azerichess won by resignation"]

1. d4 Nf6 2. c4 e6 3. Nc3 Bb4 4. Qc2 O-O 5. e4 d5 6. e5 Ne4 7. Bd3 c5 8. Nf3 cxd4 9. Nxd4 Nd7 10. Bf4 Ndc5 11. O-O Bxc3 12. bxc3 Nxd3 13. Qxd3 b6 14. cxd5 Qxd5 15. Rfe1 Nc5 16. Qg3 Bb7 17. f3 f5 18.
exf6 Rxf6 19. Re5 Qd7 20. Re3 Rg6 21. Qe1 Bd5 22. Bg3 Bc4 23. Qd2 Rd8 24. Qc2 Qa4 25. Qb2 Nd3 26. Qd2 Nc5 27. Bh4 Rd5 28. Bg3 Rd8 29.
Qf2 Nd3 30. Qe2 e5 31. Nf5 Qd7 32. Re4 Rc6 33. Ne3 b5 34. Nxc4 bxc4 35. Bxe5 Re6 36.
Bd4 Rxe4 37. fxe4 Re8 38. Rf1 h6 39. h3 Qe6 40. Qf3 Re7 41. Qf8+ Kh7 42. Qf5+ Qxf5 43.
exf5 Re2 44. a4 a6 45. f6 gxf6 46. Rxf6 Ra2 47. Rxa6 Nf4 48. Ra7+ Kg8 49. Rg7+ Kf8 50. Rg4 Ne2+ 51. Kf1 Nc1 52. Be3 Ra1 53. Bxh6+ Kf7 54.
Bxc1 Rxc1+ 55. Ke2 Rxc3 56. a5 Ra3 57. Rxc4 Ra2+ 58.
Kf3 Rxa5 59. Rf4+ Kg6 60. g3 Kh5 61. Re4 Ra3+ 62. Kf4 Ra1 63. Re5+ Kg6 64. h4 Ra4+ 65. Re4 Rb4 1-0

[Event "*** Titled Tuesday Blitz"]
[Site "Chess.com"]
[Date "2020.05.12"]
[Round "7"]
[White "Jumbo"]
[Black "AleksanderHnydiuk"]
[Result "1-0"]
[WhiteElo "2827"]
[BlackElo "2581"]
[TimeControl "180+1"]
[EndTime "11:18:02 PDT"]
[Termination "Jumbo won on time"]

1. d4 Nf6 2. Bf4 e6 3. e3 c5 4. c3 b6 5. Nf3 d6 6. h3 Be7 7. Bd3 O-O 8. Qe2 a6 9. a4 cxd4 10. exd4 Bb7 11. O-O Nbd7 12. Nbd2 Re8 13. Bh2 Bf8 14.
Rfe1 g6 15. Nc4 Qc7 16. Nfd2 b5 17. axb5 axb5 18. Ne3 b4 19. cxb4 Qb6 20. Ndc4 Qxb4 21. Nc2 Qb3 22. Bxd6 Bxd6 23. Nxd6 Qd5 24. Nxb7 Qxb7 25.
Ne3 Rxa1 26. Rxa1 Rb8 27. Rb1 Qb6 28. Nc2 Nd5 29. Qd2 N7f6 30. b4 Rc8 31. Rb3 Qc7 32.
g3 Nc3 33. b5 Nfd5 34. Ne1 Na4 35. Kg2 Nab6 36. Nf3 Nc4 37. Qe2 Ncb6 38. Ne5 Qc1 39. h4 Rc3 40. Rxc3 Qxc3 41. Nc6 Nb4 42. Nxb4 Qxb4 43.
Qe5 Nd5 44. h5 gxh5 45. Qxh5 Qxd4 46. Qxh7+ Kf8 47. Qh6+ Ke7 48. Qg5+ Kd7 49. Bf1 Qb2 50. Kg1 Qb1 51. Qg7 Ke7 52. Qd4 Qb4 53. Qe5 Qb1 54. Qb8 Kf6 55. Qd8+ Kg7 56. Qg5+ Kf8 57. Qe5 Ke7 58.
Kg2 Qb4 59. Bd3 Qc5 60. Qg5+ Kd7 61. Qd2 Ke7 62. Qg5+ Kd7 63. Qh4 Qc3 64. Bc4 Qd2 65.
Qe4 Nc3 66. Qc6+ Kd8 67. b6 Nd1 68. Qf3 1-0